 Dungeon Crawl Stone Soup version 0.28-a0-925-gd5e1996cdb (webtiles) character file.

Game seed: 12939321225405255061

6 kae the Skirmisher (level 1, 0/18 HPs)
             Began as a Demonspawn Abyssal Knight on Nov 26, 2021.
             Was an Initiate of Lugonu.
             Slain by a jackal (3 damage)
             ... on level 1 of the Dungeon.
             The game lasted 00:00:31 (450 turns).

kae the Skirmisher (Demonspawn Abyssal Knight)       Turns: 450, Time: 00:00:31

Health: 0/18       AC:  1    Str: 13    XL:     1   Next: 75%
Magic:  2/2        EV: 11    Int: 11    God:    Lugonu [......]
Gold:   27         SH:  0    Dex: 13    Spells: 0/0 levels left

rFire   . . .      SeeInvis .   a - +1 mace
rCold   . . .      Faith    .   (no shield)
rNeg    . . .      Spirit   .   b - +0 leather armour
rPois   .          Reflect  .   (no helmet)
rElec   .          Harm     .   (no cloak)
rCorr   .          Rampage  .   (no gloves)
Will    .....                   (no boots)
Stlth   +.........              (no amulet)
HPRegen 0.06/turn               (no ring)
MPRegen 0.08/turn               (no ring)

@: no status effects
A: [deformed body]
a: Renounce Religion


You were on level 1 of the Dungeon.
You worshipped Lugonu.
Lugonu was noncommittal.
You visited 1 branch of the dungeon, and saw 1 of its levels.
You visited the Abyss 1 time.

You collected 27 gold pieces.

Inventory:

Hand Weapons
 a - a +1 mace (weapon)
Armour
 b - a +0 leather armour (worn)
Potions
 c - 2 potions of might {unknown}


   Skills:
 + Level 3.0 Fighting
 * Level 2.0 Maces & Flails
 + Level 1.8 Armour
 + Level 1.0 Dodging
 + Level 2.6 Invocations


You couldn't memorise any spells.
You didn't know any spells.
Your spell library was empty.

Dungeon Overview and Level Annotations

Branches:
Dungeon (1/15)

Altars:


Innate Abilities, Weirdness & Mutations

[Armour fits poorly on your strangely shaped body.]


Message History

A bat and a ball python come into view. 2 jackals come into view.
Found a jade ring and 12 stones.
The ball python hisses angrily.
The jackal barks!
You barely miss the ball python.
The jackal barks!
The jackal barely misses you. The ball python barely misses you. x2
The jackal bites you. The jackal misses you. The ball python barely misses you.
The ball python closely misses you.
There are monsters nearby!
You hit the ball python.
You kill the ball python!
Lugonu accepts your kill. The bat hits you. The jackal barely misses you.
The bat hits you. The jackal closely misses you. The jackal bites you. x2
You hit the bat.
You kill the bat!
Lugonu accepts your kill. The jackal bites you.
The jackal completely misses you. The jackal closely misses you.
Your Maces & Flails skill increases to level 2!
There are monsters nearby!
There are monsters nearby!
You are too injured to fight recklessly!
You are too injured to fight recklessly!
You are too injured to fight recklessly!
You are too injured to fight recklessly!
You are too injured to fight recklessly!
You are too injured to fight recklessly!
You are too injured to fight recklessly!
You are too injured to fight recklessly!
You miss the jackal. The jackal barely misses you.
The jackal bites you but does no damage.
The jackal bites you. The jackal closely misses you.
You closely miss the jackal. The jackal bites you.
* * * LOW HITPOINT WARNING * * *
The jackal barely misses you. The jackal bites you.
* * * LOW HITPOINT WARNING * * *
You closely miss the jackal. The jackal misses you. The jackal bites you.
You die...

.....## #.# #.......
......# #.# #.#.###.
......# #...
...#..... ><.∩..#
### ##..# #.......
.......# ##.. ...#
######.. .......#
#..#####.#########..
.....#.#
#..#$#.#............
....#..#
#..#!..#..########..
..#...## #..@h8.#..#
#.. #.#....
#..#h..#.#########..
#.#.####
#..#(#.#............
#..#####...#######.#
#..........# ..#
###........#.# ##.
.........####.#
########## #.# #.#


You could see 2 jackals.

Vanquished Creatures
  2 ball pythons (D:1)
  A giant cockroach (D:1)
  A hobgoblin (D:1)
  A bat (D:1)
  A rat (D:1)
6 creatures vanquished.

Notes
Turn   | Place    | Note
-------+----------+-------------------------------------------
     0 | Abyss:1  | kae the Demonspawn Abyssal Knight began the quest for the
                  | Orb.
     0 | Abyss:1  | Reached XP level 1. HP: 18/18 MP: 2/2
    29 | Abyss:1  | Found a corrupted altar of Lugonu.
   159 | Abyss:1  | Noticed a starcursed mass
   185 | Abyss:1  | Noticed a wretched star
   186 | Abyss:1  | Noticed a bone dragon
   187 | D:1      | Escaped the Abyss
   286 | D:1      | Reached skill level 1 in Dodging
   450 | D:1      | Slain by a jackal

Illustrated notes

Levels and vault maps discovered:
D:1:      wander_arrival_desolate, layout_loops_ring,
          hellmonk_ecumenical_altar_zigzags, minmay_split_cup_large

Skill      XL: |  1 |
---------------+----+-----
Dodging        | 1 |  1.0
Maces & Flails | 2 |  2.0
Fighting       | |  3.0
Armour         | |  1.8
Invocations    | |  2.6

Action                   || total
-------------------------++-------
Melee: Mace              ||    16
Invok: Depart the Abyss  ||     1
Armor: Leather armour    ||     1
Dodge: Dodged            ||    20

Table legend: (Time is in decaauts)
 A = Elapsed time spent in this place.
 B = Non-inter-level travel time spent in this place.
 C = Inter-level travel time spent in this place.
 D = Time resting spent in this place.
 E = Time spent auto-exploring this place.
 F = Levels seen in this place.
 G = Mean time per level.
                   A        B        C        D        E       F      G
               +--------+--------+--------+--------+--------+-----+--------+
         Total |    454 |    454 |      0 |    149 |    242 |   2 |  227.0 |
       Dungeon |    267 |    267 |      0 |    149 |     86 |   1 |  267.0 |
         Abyss |    187 |    187 |      0 |      0 |    156 |   1 |  187.0 |
               +--------+--------+--------+--------+--------+-----+--------+

Top non-repeatable levels by time:
     D:1: 267 daAuts
 Abyss:1: 187 daAuts
